 Dungeon Sprint DCSS version 0.30-a0-799-g109b55a442 (webtiles) character file.

Game seed: 8727155595155009621

8715 BigDaddyOpFi the Warrior (level 11, -4/116 HPs)
             Began as a Minotaur Berserker on Feb 20, 2023.
             Was the Champion of Trog.
             Succumbed to poison (dark miasma)
             ... in the Dungeon (Sprint III: "The Ten Rune Challenge").
             The game lasted 00:04:41 (2832 turns).

BigDaddyOpFi the Warrior (Minotaur Berserker)       Turns: 2832, Time: 00:04:41

Health: -4/116     AC:  5    Str: 26    XL:     11   Next: 13%
Magic:  3/3        EV: 22    Int:  4    God:    Trog [******]
Gold:   1818       SH:  0    Dex: 10    Spells: 10/10 levels left

rFire   . . .      SeeInvis .    s - +3 executioner's axe (antimagic)
rCold   . . .      Faith    .    (shield currently unavailable)
rNeg    . . .      Spirit   .    b - +0 animal skin
rPois   .          Reflect  .    (helmet restricted)
rElec   +          Harm     .    (no cloak)
rCorr   .          Rampage  .    (no gloves)
Will    .....      NoTele   +    (no boots)
Stlth   +                        (no amulet)
HPRegen 0.39/turn                i - +5 ring of evasion
MPRegen 0.08/turn                (no ring)

@: lethally poisoned (-4 -> -25), slowed, very slow
A: horns 2, retaliatory headbutt, iridescent scales 1, mutation resistance 1,
electricity resistance
a: Renounce Religion, Berserk, Trog's Hand, Brothers in Arms


You were in the Dungeon.
You worshipped Trog.
Trog was exalted by your worship.
You visited 1 branch You collected 1818 gold pieces.

Inventory:

Hand Weapons
 a - a +0 hand axe
 h - a +1 battleaxe of flaming
 r - a +1 battleaxe of flaming
 s - a +3 antimagic executioner's axe (weapon)
Armour
 b - a +0 animal skin (worn)
Jewellery
 i - a +5 ring of evasion (left hand)
Scrolls
 j - a scroll of vulnerability {unknown}
 k - 2 scrolls of immolation {unknown}
 l - a scroll of amnesia {unknown}
 n - 2 scrolls of identify
Potions
 e - a potion of haste
 f - 2 potions of magic
 g - a potion of berserk rage
 m - 2 potions of flight
 o - 5 potions of mutation
 p - a potion of might
Miscellaneous
 q - a piece from Xom's chessboard (15/15)


   Skills:
 + Level 16.6 Fighting
 + Level 16.6 Axes
 + Level 16.4 Armour
 + Level 15.2 Dodging


You had 10 spell levels left.
You didn't know any spells.
Your spell library was empty.

Dungeon Overview and Level Annotations

Branches:
Dungeon (1/1)

Altars:
Cheibriados
Dithmenos
Elyvilon
Fedhas
Gozag
Hepliaklqana
Kikubaaqudgha
Makhleb
Nemelex Xobeh
Okawaru
Qazlal
Ru
Sif Muna
Trog
Uskayaw
Vehumet
Wu Jian
Xom
Yredelemnul
Zin
The Shining One
Jiyva
Lugonu

Shops:
D :


Innate Abilities, Weirdness & Mutations

You have a pair of horns on your head.
You reflexively headbutt those who attack you in melee.
You are partially covered in iridescent scales. (AC +2)
You are somewhat resistant to further mutation.
You are resistant to electric shocks. (rElec)


Message History

Trog accepts your kill.
You are engulfed in dark miasma.
You are poisoned.
You feel very sick.
You are engulfed in dark miasma.
You are more poisoned.
You feel extremely sick.
The yaktaur shouts!
You hear a shout! x2
There is an open door here.
You are engulfed in dark miasma.
You are more poisoned.
You feel yourself slow down.
You feel extremely sick.
You see here 10 scrolls of identify.
You are engulfed in dark miasma.
You are more poisoned.
You feel extremely sick.
There is an open door here.
You are engulfed in dark miasma.
You are lethally poisoned!
* * * LOW HITPOINT WARNING * * *
You feel extremely sick.
Okay, then.
You feel much better.
You are engulfed in dark miasma.
You are more poisoned.
* * * LOW HITPOINT WARNING * * *
You feel extremely sick.
* * * LOW HITPOINT WARNING * * *
You feel extremely sick.
You feel better.
You start resting.
You are engulfed in dark miasma.
You are lethally poisoned!
* * * LOW HITPOINT WARNING * * *
x2 You feel extremely sick.
You're standing in a cloud of foul pestilence!
Okay, then.
You feel better.
You are engulfed in dark miasma.
You are lethally poisoned!
* * * LOW HITPOINT WARNING * * *
You die...

#.))'.≈§§§#
#...#)§§§≈#
#...#)#§§≈##
#####)#c§≈≈###§
#.....###≈≈§≈≈≈
#..P..#§#c§≈≈≈≈
#.....#☼###≈≈§§
#.....#§§§# § §
#'#####@☼§#
#§§§§§§§§☼+
#§######### #.#
#.# #.# #.# #.#
#.


There were no monsters in sight!

Vanquished Creatures
  Harold (D)
  Snorg (D)
  A centaur warrior (D)
  5 orc high priests (D)
  A deep elf knight (D)
  Joseph (D)
  2 deep elf zephyrmancers (D)
  An orc knight (D)
  3 deep elf pyromancers (D)
  An unseen horror (D)
  A shadow (D)
  A spatial vortex (D)
  A floating eye (D)
  An orc warrior (D)
  2 centaurs (D)
  An earth elemental (D)
  A necrophage (D)
  A water elemental (D)
  A jelly (D)
  2 orc priests (D)
  Jessica (D)
  A wizard (D)
  3 orc wizards (D)
  A necromancer (D)
  3 humans (D)
  A kobold demonologist (D)
  A phantom (D)
  10 orcs (D)
  An endoplasm (D)
  A rat (D)
52 creatures vanquished.

Vanquished Creatures (others)
  9 plants (D)
9 creatures vanquished.

Grand Total: 61 creatures vanquished

Notes
Turn   | Place    | Note
-------+----------+-------------------------------------------
     0 | D        | BigDaddyOpFi the Minotaur Berserker began the quest for the
                  | Orb.
     0 | D        | Reached XP level 1. HP: 19/19 MP: 0/0
   152 | D        | Noticed Jessica
   157 | D        | Killed Jessica
   157 | D        | Reached ** piety under Trog
   158 | D        | Reached skill level 5 in Fighting
   158 | D        | Reached skill level 5 in Axes
   158 | D        | Reached XP level 2. HP: 29/29 MP: 1/1
   358 | D        | Reached XP level 3. HP: 36/36 MP: 2/2
   420 | D        | Gained mutation: You are partially covered in iridescent
                  | scales. (AC +2) [potion of mutation]
   420 | D        | Gained mutation: You are resistant to electric shocks.
                  | (rElec) [potion of mutation]
   420 | D        | Gained mutation: You are somewhat resistant to further
                  | mutation. [potion of mutation]
   427 | D        | Noticed a water elemental
   430 | D        | Killed a water elemental
   431 | D        | Reached skill level 5 in Armour
   431 | D        | Reached skill level 5 in Dodging
   431 | D        | Reached XP level 4. HP: 45/45 MP: 3/3
   463 | D        | Found a radiant altar of Vehumet.
   463 | D        | Found a shimmering blue altar of Sif Muna.
   463 | D        | Found an ancient bone altar of Kikubaaqudgha.
   463 | D        | Noticed a wizard
   465 | D        | Killed a wizard
   465 | D        | Reached *** piety under Trog
   470 | D        | Reached XP level 5. HP: 52/52 MP: 4/4
   515 | D        | Found a glowing silver altar of Zin.
   515 | D        | Found a glowing golden altar of the Shining One.
   515 | D        | Found a white marble altar of Elyvilon.
   698 | D        | Noticed a deep elf pyromancer
   704 | D        | Killed a deep elf pyromancer
   704 | D        | Reached **** piety under Trog
   705 | D        | Reached XP level 6. HP: 66/66 MP: 5/5
   705 | D        | Reached XP level 7. HP: 71/71 MP: 6/6
   755 | D        | Found a hide-covered altar of Uskayaw.
   755 | D        | Found an iron altar of Okawaru.
   755 | D        | Found a bloodstained altar of Trog.
   755 | D        | Found an ornate altar of the Wu Jian Council.
   755 | D        | Noticed a human
   756 | D        | Noticed a human
   758 | D        | Killed a human
   759 | D        | Reached skill level 10 in Fighting
   759 | D        | Reached skill level 10 in Axes
   759 | D        | Reached skill level 10 in Armour
   763 | D        | Killed a human
   890 | D        | Noticed a shadow
   895 | D        | Killed a shadow
   896 | D        | Reached XP level 8. HP: 82/82 MP: 7/7
   935 | D        | Found a blossoming altar of Fedhas.
   935 | D        | Found a stormy altar of Qazlal.
   936 | D        | Found a snail-covered altar of Cheibriados.
   936 | D        | Found a burning altar of Makhleb.
   936 | D        | Found a hazy altar of Hepliaklqana.
   936 | D        | Found a shimmering altar of Xom.
   936 | D        | Found an opulent altar of Gozag.
   936 | D        | Found a sparkling altar of Nemelex Xobeh.
   936 | D        | Found a corrupted altar of Lugonu.
   936 | D        | Found a viscous altar of Jiyva.
   943 | D        | Reached skill level 10 in Dodging
  1055 | D        | Found a basalt altar of Yredelemnul.
  1055 | D        | Found a shadowy altar of Dithmenos.
  1055 | D        | Found a sacrificial altar of Ru.
  1057 | D        | Reached ***** piety under Trog
  1272 | D        | Found Oclo's Book Boutique.
  1273 | D        | Noticed an orc high priest
  1274 | D        | Noticed Snorg
  1275 | D        | Noticed an orc knight
  1285 | D        | Killed an orc high priest
  1291 | D        | Killed Snorg
  1291 | D        | Reached ****** piety under Trog
  1292 | D        | Reached XP level 9. HP: 93/93 MP: 8/8
  1295 | D        | Killed an orc knight
  1297 | D        | Received a gift from Trog
  1306 | D        | Received a gift from Trog
  1535 | D        | Noticed a deep elf pyromancer
  1535 | D        | Noticed a deep elf knight
  1535 | D        | Noticed a deep elf pyromancer
  1535 | D        | Noticed a deep elf zephyrmancer
  1535 | D        | Noticed a deep elf zephyrmancer
  1548 | D        | Killed a deep elf zephyrmancer
  1552 | D        | Killed a deep elf pyromancer
  1553 | D        | Reached XP level 10. HP: 104/104 MP: 9/9
  1556 | D        | Killed a deep elf knight
  1556 | D        | Received a gift from Trog
  1560 | D        | Noticed a deep elf demonologist
  1561 | D        | Noticed a deep elf high priest
  1562 | D        | Killed a deep elf zephyrmancer
  1563 | D        | Reached skill level 15 in Fighting
  1563 | D        | Reached skill level 15 in Axes
  1564 | D        | Noticed a smoke demon
  1565 | D        | Killed a deep elf pyromancer
  1565 | D        | Noticed a smoke demon
  1566 | D        | Reached skill level 15 in Armour
  1785 | D        | Noticed a deep elf demonologist
  1786 | D        | Noticed a deep elf pyromancer
  1786 | D        | Identified the +1 hand axe of Anguish {drain, rF+ Will+
                  | Dex+3}
  1920 | D        | Noticed a centaur warrior
  1925 | D        | Killed a centaur warrior
  1927 | D        | Received a gift from Trog
  2266 | D        | Noticed Harold
  2266 | D        | Noticed Joseph
  2273 | D        | Killed Harold
  2279 | D        | Killed Joseph
  2280 | D        | Reached XP level 11. HP: 99/115 MP: 10/10
  2373 | D        | Noticed a soul eater
  2387 | D        | Noticed a soul eater
  2399 | D        | Received a gift from Trog
  2400 | D        | Reached skill level 15 in Dodging
  2400 | D        | Noticed a sixfirhy
  2409 | D        | Noticed a soul eater
  2586 | D        | Noticed a yaktaur captain
  2832 | D        | HP: 4/116 [something (9)]
  2832 | D        | Succumbed to poison (dark miasma)

Illustrated notes

Levels and vault maps discovered:
D:        dungeon_sprint_mu [sprint_mu_entry_cave, sprint_mu_temple_rooms,
          sprint_mu_d1_horrors, sprint_mu_d2_genie, sprint_mu_d3_branching,
          sprint_mu_orc_legion, sprint_mu_elf_gauntlet, sprint_mu_hive_nellie,
          sprint_mu_lair_fedhas, sprint_mu_vaults_butterflies,
          sprint_mu_slime_circle, sprint_mu_swamp_cave, sprint_mu_snake_twists,
          sprint_mu_blade_basic, sprint_mu_crypt_fortress,
          sprint_mu_tomb_spiral, sprint_mu_vestibule_basic,
          sprint_mu_gehenna_hellfire, sprint_mu_dis_giant,
          sprint_mu_tartarus_statrot, sprint_mu_cocytus_islands, sprint_mu_zot1]

Skill      XL: |  1  2  3  4  5  6  7  8  9 10 11 |
---------------+----------------------------------+-----
Fighting       | 5 6 7 9 11 13 14 16 | 16.6
Axes           | 5 6 7 9 11 13 14 16 | 16.6
Armour         | 4 5 6 9 10 12 14 16 | 16.4
Dodging        | 3 4 5 8 9 11 13 14 15 | 15.2

Action                     |  1- 3 |  4- 6 |  7- 9 | 10-12 || total
---------------------------+-------+-------+-------+-------++-------
  Melee: Hand axe          |    14 |     9 |    43 |       ||    66
         Headbutt          |     2 |     3 |    11 |     8 ||    24
         Punch             |       |       |     2 |       ||     2
         Battleaxe         |       |       |     6 |    58 ||    64
         Executioner's axe |       |       |       |     1 ||     1
 Invoke: Berserk           |     3 |     2 |     5 |     3 ||    13
    Use: Potion            |     1 |       |       |     4 ||     5
         Scroll            |       |       |       |     1 ||     1
 Armour: Animal skin       |       |     1 |     3 |     2 ||     6
  Dodge: Dodged            |     5 |     2 |    44 |    43 ||    94

Table legend: (Time is in decaauts)
 A = Elapsed time spent in this place.
 B = Non-inter-level travel time spent in this place.
 C = Inter-level travel time spent in this place.
 D = Time resting spent in this place.
 E = Time spent auto-exploring this place.
 F = Levels seen in this place.
 G = Mean time per level.
                   A        B        C        D        E       F      G
               +--------+--------+--------+--------+--------+-----+--------+
         Total |   2963 |   2963 |      0 |   2378 |      0 |   1 | 2963.0 |
       Dungeon |   2963 |   2963 |      0 |   2378 |      0 |   1 | 2963.0 |
               +--------+--------+--------+--------+--------+-----+--------+

Top non-repeatable levels by time:
       D: 2963 daAuts
